 Dungeon Crawl Stone Soup version 0.31-a0-703-gcfe89afef6 (webtiles) character file.

Game seed: 11717028503911267645

66631 cforsyth the Warrior (level 15, -15/113 HPs)
             Began as a Djinni Chaos Knight on Sept 8, 2023.
             Was a High Priest of Hepliaklqana.
             Killed from afar by Jorgrun (72 damage)
             ... with an entropic shot
             ... on level 2 of the Orcish Mines.
             The game lasted 00:32:34 (19325 turns).

cforsyth the Warrior (Djinni Chaos Knight)         Turns: 19325, Time: 00:32:34

Health: -15/113    AC: 17    Str: 11    XL:     15   Next: 62%
Gold:   1733       EV: 16    Int: 20    God:    Hepliaklqana [*****.] SH:  0 Dex: 14

rFire   + + +        a - +11 war axe "Arbiter" {freeze, rN++}
rCold   + . .        (no shield)
rNeg    + + .        I - +1 troll leather armour
rPois   ∞            K - +1 helmet {SInv}
rElec   +            P - +2 cloak of Weightlessness {*Slow rElec rC++ Will+}
rCorr   +            g - +3 pair of gauntlets of War {Slay+5}
SInv    +            (boots unavailable)
Will    ++...        M - amulet of regeneration
Stlth   +            f - ring of protection from fire
HPRegen 1.98/turn    Q - ring of resist corrosion
MPRegen 0.00/turn

%: slow self (1%), clarity, infuse magic (-16 HP)
@: flying
A: reduced essence, sickness immunity, fire resistance 2, cold vulnerability 1,
float, innate caster, HP casting, extra vitality 1, claws 1, iridescent scales
2, clarity, sense surroundings 1, screaming 1, subdued magic 1
a: Renounce Religion, Recall Ancestor, Ancestor Identity, Transference, Idealise


You were on level 2 of the Orcish Mines.
You worshipped Hepliaklqana.
Hepliaklqana was extremely pleased with you.
You visited 4 branches of the dungeon, and saw 20 of its levels.

You collected 1755 gold pieces.
You spent 22 gold pieces at shops.

Inventory:

Hand Weapons
 a - the +11 war axe "Arbiter" (weapon) {freeze, rN++}
   (You took it off a wight on level 9 of the Dungeon)

   rN++:      It greatly protects you from negative energy.
 b - the +2 orcbow "Imp's Curse" {flame, rC+ Str-3 Int+5 SInv}
   (Xom gifted it to you on level 10 of the Dungeon)

   Str-3:     It affects your strength (-3).
   Int+5:     It affects your intelligence (+5).
   rC+:       It protects you from cold.
   SInv:      It lets you see invisible.
 G - a +0 falchion of chaos
Armour
 d - a +0 helmet
 g - the +3 pair of gauntlets of War (worn) {Slay+5}
   (You acquired it on level 2 of the Dungeon)

   Slay+5:    It affects your accuracy & damage with ranged weapons and melee
   (+5).
 I - a +1 troll leather armour (worn)
 J - a +2 leather armour
 K - a +1 helmet of see invisible (worn)
 P - the +2 cloak of Weightlessness (worn) {*Slow rElec rC++ Will+}
   (You found it on level 12 of the Dungeon)

   rC++:      It greatly protects you from cold.
   rElec:     It insulates you from electricity.
   Will+:     It increases your willpower.
   *Slow:     It may slow you when you take damage.
 S - a +2 hat
Jewellery
 f - a ring of protection from fire (left hand)
 F - a ring of see invisible
 M - an amulet of regeneration (around neck)
 Q - a ring of resist corrosion (right hand)
 R - a ring of wizardry
 V - the ring "Nukyomof" {Ice rElec Stlth+}
   (You found it on level 5 of the Lair of Beasts)

   [ring of ice]

   Ice:       It enhances your ice magic.
   rF-:       It makes you vulnerable to fire.
   rC+:       It protects you from cold.
   rElec:     It insulates you from electricity.
   Stlth+:    It makes you more stealthy.
Wands
 v - a wand of roots (6)
 B - a wand of paralysis (21)
 C - a wand of acid (6)
 N - a wand of flame (22)
 T - a wand of mindburst (7)
Scrolls
 c - 8 scrolls of noise {unknown}
 e - 3 scrolls of torment {unknown}
 h - 2 scrolls of amnesia {unknown}
 i - 2 scrolls of silence
 n - 3 scrolls of enchant armour
 o - 2 scrolls of immolation {unknown}
 r - a scroll of poison
 s - 4 scrolls of fog {unknown}
 t - 5 scrolls of vulnerability {unknown}
 w - 5 scrolls of teleportation
 x - a scroll of fear
 y - 3 scrolls of blinking {unknown}
 A - 2 scrolls of enchant weapon
 D - 4 scrolls of revelation {unknown}
 H - 4 scrolls of brand weapon {unknown}
 U - a scroll of identify
Potions
 j - 4 potions of enlightenment
 k - 7 potions of lignification
 l - a potion of brilliance
 m - a potion of invisibility
 p - 3 potions of degeneration
 q - 2 potions of mutation
 u - 6 potions of curing
 z - 2 potions of attraction
 E - 4 potions of might
 L - a potion of cancellation
 O - 2 potions of resistance {unknown}
 W - a potion of heal wounds


   Skills:
 + Level 18.0 Fighting
 - Level 2.6 Long Blades
 - Level 1.0 Armour
 + Level 10.5 Dodging
 + Level 13.1 Spellcasting
 + Level 13.1 Conjurations
 + Level 13.1 Hexes
 + Level 13.1 Summonings
 + Level 13.1 Necromancy
 + Level 13.1 Translocations
 + Level 13.1 Transmutations
 + Level 13.1 Fire Magic
 + Level 13.1 Ice Magic
 + Level 13.1 Air Magic
 + Level 13.1 Earth Magic
 + Level 13.1 Poison Magic


You knew the following spells:

 Your Spells              Type           Power      Damage    Failure   Level
a - Freeze                Ice            100%       1d10      0%          1
b - Static Discharge      Conj/Air       100%       2-7/arc   1%          2
c - Stone Arrow           Conj/Erth      100%       3d13      1%          3
d - Teleport Other        Tloc           50%        N/A       1%          3
e - Summon Mana Viper     Hex/Summ       50%        N/A       1%          5
f - Agony                 Necr           50%        N/A       1%          5
g - Simulacrum            Ice/Necr       25%        N/A       3%          6
Your spell library was empty.

Dungeon Overview and Level Annotations

Branches:
Dungeon (12/15)            Temple (1/1) D:6            Lair (5/5) D:8
  Swamp (0/4) Lair:2       Spider (0/4) Lair:3        Slime (0/5) Lair:5
    Orc (2/2) D:9
    Elf: Orc:2

Altars:
Ashenzari
Cheibriados
Dithmenos
Elyvilon
Fedhas
Gozag
Hepliaklqana
Makhleb
Nemelex Xobeh
Okawaru
Qazlal
Ru
Trog
Uskayaw
Wu Jian
Xom
Yredelemnul
Zin
The Shining One

Shops:
D:2 *   D:4 ?

Annotations:
Orc:2 Jorgrun


Innate Abilities, Weirdness & Mutations

Your life essence is reduced to manifest your ancestor. (-10% HP)
You are immune to sickness and miasma.
You are immune to poison.
Your flesh is very heat resistant. (rF++)
You are vulnerable to cold. (rC-)
You float through the air rather than walking.
You learn spells naturally, not from books.
Your magical power is your life essence.
You have superior vitality. (+4 MHP)
You have sharp fingernails.
You are mostly covered in iridescent scales. (AC +4)
You possess an exceptional clarity of mind.
You passively map a small area around you.
You occasionally shout uncontrollably at your foes.
Your spells are a little easier to cast, but a little less powerful.


Message History

Things that are here:
a +0 war axe; a +0 chain mail
Things that are here:
a +0 flail; an orc corpse
There is a stone staircase leading down here.
You fly downwards.
Level annotation: Jorgrun The orc warrior misses you.
There is a stone staircase leading up here.
Casting: Summon Mana Viper (mildly dangerous; 1% risk of failure)
Confirm with . or Enter, or press ? or * to list all spells.
Aiming: Simulacrum (dangerous; 3% risk of failure)
Press: ? - help, Shift-Dir - straight line, f - orc warrior
Aim: an orc warrior, wielding a +0 hand axe and wearing a +0 chain mail (ally target)
You freeze the orc warrior's soul.
The orc warrior hits you but does no damage.
You slash the orc warrior! You freeze the orc warrior.
The orc warrior is moderately wounded.
The orc warrior hits you with a +0 hand axe!
The orc warrior closely misses Ælfthryth. Ælfthryth hits the orc warrior with a +0 broad axe of flaming! Ælfthryth burns the orc warrior. Ælfthryth blocks the orc warrior's attack.
The orc warrior hits you but does no damage.
You slash the orc warrior! You freeze the orc warrior.
You kill the orc warrior!
A freezing mist starts to gather... x2
Jorgrun casts a spell at you. The entropic shot hits you!!!
Casting: Simulacrum (dangerous; 3% risk of failure)
Confirm with . or Enter, or press ? or * to list all spells.
Aiming: Simulacrum (dangerous; 3% risk of failure)
Press: ? - help, Shift-Dir - straight line, f - Jorgrun
Aim: Jorgrun, wielding a +0 heavy quarterstaff and wearing a +2 robe (ally target)
You freeze Jorgrun's soul. Jorgrun gestures at you while chanting.
The entropic shot hits you!!!!
Ouch! That really hurt!
You die...
Xom snickers!

, * * ... ,#.
,* ,*.o.###*
..., .....$#
*##... .......
*#..... ,
<......##......
,
......))..Z..#
#....)...##
#..R@.....#*
*##........# *
* #...$.....# *
,*#g.......##,
, * ,
......#..... ,
.......###....
, $.$....##
.... , #..$..#
* ... *


You could see the friendly Ælfthryth the knight, Jorgrun (ally target,
simulacrum), an orc (simulacrum) and a friendly orc warrior simulacrum.

Vanquished Creatures
  Gastronok (Lair:1)
  The ghost of Mahon the Fighter, a journeyman DrWn of Wu Jian (Lair:2)
  Snorg (D:11)
  3 hydras
  2 boulder beetles (D:12)
  Erica (D:9)
  3 two-headed ogres
  Amaemon (D:8)
  A skyshark (Lair:2)
  Lodul (D:12)
  An ugly thing (D:12)
  A wolf spider (D:10)
  2 cyclopes
  11 elephants (Lair:4)
  5 black mambas
  Joseph (D:7)
  2 torpor snails (Lair:2)
  10 cane toads
  Jeremiah (D:8)
  2 gargoyles
  3 unseen horrors
  An orange demon (D:8)
  4 rime drakes
  8 komodo dragons
  4 trolls
  3 hornets
  A tyrant leech (Lair:2)
  16 blink frogs
  A meliai (D:10)
  2 slime creatures (D:12)
  20 yaks
  A vampire (D:11)
  6 wyverns
  2 shadows
  Grum (D:8)
  3 hogs (Lair:4)
  Eustachio (D:4)
  7 basilisks
  3 steam dragons
  2 vampire mosquitoes (D:12)
  4 acid dragons
  2 swamp worms (Lair:2)
  24 water moccasins
  An ice beast (D:4)
  3 orc warriors
  4 black bears
  2 swamp drakes (Lair:5)
  10 ogres
  7 centaurs
  13 wolves
  A phantom (D:6)
  Blork the orc (D:4)
  4 kobold brigands
  8 bullfrogs
  A gnoll sergeant (D:11)
  A scorpion (D:4)
  14 wights
  4 killer bees (D:7)
  6 electric eels
  2 howler monkeys (D:10)
  2 orc priests
  2 hounds
  2 jellies
  2 gnoll boudas
  3 iguanas
  Natasha (thrice) (D:4)
  5 orc wizards
  15 adders
  18 gnolls
  3 shadow imps
  An ufetubus (D:4)
  4 dart slugs
  13 orcs
  5 bats
  10 endoplasms
  5 giant cockroaches
  8 goblins
  3 hobgoblins
  6 jackals (D:1)
  23 kobolds
  6 quokkas
  2 ball pythons
  5 frilled lizards
  5 rats
403 creatures vanquished.

Vanquished Creatures (collateral kills)
  Kirke (Lair:4)
  A fire dragon (Lair:5)
  3 boulder beetles
  2 two-headed ogres
  An orc knight (Orc:1)
  A swamp dragon (Lair:5)
  3 black mambas
  14 elephants
  3 cane toads
  2 komodo dragons (Lair:5)
  A kobold demonologist (D:10)
  A troll (D:10)
  A hornet (D:9)
  A slime creature (D:12)
  10 blink frogs
  3 steam dragons
  17 yaks
  A basilisk (Lair:5)
  2 hogs (Lair:4)
  6 water moccasins
  A nameless horror (D:8)
  2 orc warriors (Orc:1)
  2 wolves
  A centaur (D:11)
  2 kobold brigands
  2 bullfrogs
  A wight (D:10)
  A howler monkey (D:10)
  An orc priest (Orc:1)
  3 jellies (Lair:5)
  7 iguanas
  An orc wizard (D:10)
  An adder (Lair:1)
  11 orcs
  6 kobolds
116 creatures vanquished.

Vanquished Creatures (others)
  A human (Lair:4)
  A yak (D:10)
  A wolf (Lair:4)
  A kobold brigand (D:10)
  5 ancestors
  10 knights
  An orc (Orc:2)
20 creatures vanquished.

Grand Total: 539 creatures vanquished

Notes
Turn   | Place    | Note
-------+----------+-------------------------------------------
     0 | D:1      | cforsyth the Djinni Chaos Knight began the quest for the
                  | Orb.
     0 | D:1      | Reached XP level 1. HP: 20/20 MP: 0/0
   116 | D:1      | Reached XP level 2. HP: 23/25 MP: 0/0
   177 | D:1      | Reached skill level 1 in Spellcasting
   177 | D:1      | Reached skill level 1 in Conjurations
   177 | D:1      | Reached skill level 1 in Hexes
   177 | D:1      | Reached skill level 1 in Summonings
   177 | D:1      | Reached skill level 1 in Necromancy
   177 | D:1      | Reached skill level 1 in Translocations
   177 | D:1      | Reached skill level 1 in Transmutations
   177 | D:1      | Reached skill level 1 in Fire Magic
   177 | D:1      | Reached skill level 1 in Ice Magic
   177 | D:1      | Reached skill level 1 in Air Magic
   177 | D:1      | Reached skill level 1 in Earth Magic
   177 | D:1      | Reached skill level 1 in Poison Magic
   210 | D:1      | Reached XP level 3. HP: 24/30 MP: 0/0
   210 | D:1      | Learned a level 1 spell: Freeze
   835 | D:2      | Reached XP level 4. HP: 37/37 MP: 0/0
   907 | D:2      | Found Tajeacag's General Store.
   926 | D:2      | XOM: 3-stop teleportation journey
   932 | D:2      | Reached skill level 4 in Fighting
  1087 | D:2      | Bought a scroll of identify for 22 gold pieces
  1152 | D:2      | Identified a scroll of acquirement
  1154 | D:2      | Acquired the +3 pair of gauntlets of War {Slay+5}
  1154 | D:2      | Found the +3 pair of gauntlets of War {Slay+5}
  1298 | D:3      | XOM: 3-stop teleportation journey
  1383 | D:3      | Reached XP level 5. HP: 16/41 MP: 0/0
  1383 | D:3      | Learned a level 2 spell: Static Discharge
  1394 | D:3      | XOM: cloud trail
  1725 | D:3      | Found a hide-covered altar of Uskayaw.
  1960 | D:4      | Reached XP level 6. HP: 40/49 MP: 0/0
  2075 | D:4      | Reached skill level 5 in Fighting
  2096 | D:4      | Noticed Natasha
  2098 | D:4      | Killed Natasha
  2112 | D:4      | XOM: silly message
  2173 | D:4      | Noticed a black bear
  2189 | D:4      | Killed a black bear
  2195 | D:4      | Noticed Natasha
  2201 | D:4      | Killed Natasha
  2202 | D:4      | Reached XP level 7. HP: 22/54 MP: 0/0
  2202 | D:4      | Learned a level 3 spell: Stone Arrow
  2251 | D:4      | XOM: noise
  2338 | D:4      | Found Pieceos's Magic Scroll Emporium.
  2344 | D:4      | Noticed Natasha
  2350 | D:4      | Killed Natasha
  2392 | D:4      | Reached skill level 6 in Fighting
  2487 | D:4      | Noticed Eustachio
  2499 | D:4      | XOM: swap monsters
  2503 | D:4      | Killed Eustachio
  2696 | D:4      | XOM: noise
  3210 | D:4      | Noticed Blork the orc
  3215 | D:4      | Killed Blork the orc
  3216 | D:4      | Reached XP level 8. HP: 46/62 MP: 0/0
  3393 | D:5      | Entered Level 5 of the Dungeon
  3557 | D:5      | XOM: cloud trail
  4139 | D:5      | Reached skill level 7 in Fighting
  4324 | D:5      | Found a burning altar of Makhleb.
  4325 | D:5      | Found a snail-covered altar of Cheibriados.
  4326 | D:5      | Found a broken altar of Ashenzari.
  4717 | D:6      | XOM: silly message
  4769 | D:6      | Reached skill level 5 in Spellcasting
  4769 | D:6      | Reached skill level 5 in Conjurations
  4769 | D:6      | Reached skill level 5 in Hexes
  4769 | D:6      | Reached skill level 5 in Summonings
  4769 | D:6      | Reached skill level 5 in Necromancy
  4769 | D:6      | Reached skill level 5 in Translocations
  4769 | D:6      | Reached skill level 5 in Transmutations
  4769 | D:6      | Reached skill level 5 in Fire Magic
  4769 | D:6      | Reached skill level 5 in Ice Magic
  4769 | D:6      | Reached skill level 5 in Air Magic
  4769 | D:6      | Reached skill level 5 in Earth Magic
  4769 | D:6      | Reached skill level 5 in Poison Magic
  5080 | D:6      | XOM: potion effect (might)
  5087 | D:6      | Reached skill level 8 in Fighting
  5087 | D:6      | Reached XP level 9. HP: 56/70 MP: 0/0
  5087 | D:6      | Learned a level 3 spell: Teleport Other
  5200 | D:6      | XOM: silly message
  5329 | D:6      | Found a staircase to the Ecumenical Temple.
  5428 | Temple   | Entered the Ecumenical Temple
  5474 | Temple   | Fell from the grace of Xom
  5474 | Temple   | Became a worshipper of Hepliaklqana the Forgotten
  5681 | D:7      | XOM: 1-stop teleportation journey
  5708 | D:7      | Found a basalt altar of Yredelemnul.
  5747 | D:7      | XOM: 3-stop teleportation journey
  5749 | D:7      | Noticed Joseph
  5750 | D:7      | Gained mutation: You possess an exceptional clarity of
                  | mind. [potion of mutation]
  5750 | D:7      | Gained mutation: You are somewhat resistant to further
                  | mutation. [potion of mutation]
  5767 | D:7      | Killed Joseph
  5784 | D:7      | Reached skill level 9 in Fighting
  5955 | D:7      | XOM: noise
  6660 | D:8      | Noticed an orange demon
  6661 | D:8      | Noticed Amaemon
  6664 | D:8      | Killed an orange demon
  6677 | D:8      | Killed Amaemon
  6678 | D:8      | Reached skill level 10 in Fighting
  6678 | D:8      | Reached XP level 10. HP: 22/80 MP: 0/0
  6951 | D:8      | Noticed Maurice
  6957 | D:8      | Noticed Maurice
  6957 | D:8      | XOM: polymorph something unseen -> Maurice the hornet
  6962 | D:8      | Killed Maurice the hornet
  6962 | D:8      | Noticed a komodo dragon
  6981 | D:8      | Killed a komodo dragon
  7153 | D:8      | Noticed a komodo dragon
  7163 | D:8      | HP: 2/81 [komodo dragon (20)]
  7513 | D:8      | Noticed Grum
  7520 | D:8      | Killed Grum
  7521 | D:8      | Reached skill level 11 in Fighting
  7745 | D:8      | Reached * piety under Hepliaklqana
  8153 | D:8      | Noticed Jeremiah
  8160 | D:8      | Killed Jeremiah
  8297 | D:8      | Killed a komodo dragon
  8298 | D:8      | Reached XP level 11. HP: 66/78 MP: 0/0
  8298 | D:8      | Learned a level 5 spell: Summon Mana Viper
  8328 | D:8      | XOM: summons 2 hostile shadow creatures
  8912 | D:8      | Found a staircase to the Lair.
  9053 | D:9      | Noticed Erica
  9065 | D:9      | Killed Erica
  9066 | D:9      | Reached skill level 12 in Fighting
  9219 | D:9      | Found a staircase to the Orcish Mines.
  9251 | D:9      | XOM: 3-stop teleportation journey
  9471 | D:9      | XOM: 3-stop teleportation journey
  9499 | D:9      | Identified the +11 war axe "Arbiter" {freeze, rN++}
 10094 | D:9      | XOM: give mutations
 10094 | D:9      | Gained mutation: You expend health (3 HP) to strengthen
                  | your wands. [Xom's mischief]
 10094 | D:9      | Gained mutation: You passively map a small area around you.
                  | [Xom's mischief]
 10094 | D:9      | Gained mutation: You are partially covered in iridescent
                  | scales. (AC +2) [Xom's mischief]
 10094 | D:9      | Lost mutation: You are somewhat resistant to further
                  | mutation. [Xom's mischief]
 10247 | D:10     | Entered Level 10 of the Dungeon
 10307 | D:10     | Noticed a two-headed ogre
 10469 | D:10     | Killed a two-headed ogre
 10470 | D:10     | XOM: god gift: crystal orcbow {god gift}
 10470 | D:10     | Identified the +2 orcbow "Imp's Curse" {flame, rC+ Str-3
                  | Int+5 SInv} (Xom gifted it to you on level 10 of the
                  | Dungeon)
 10687 | D:10     | Reached ** piety under Hepliaklqana
 10688 | D:10     | Remembered your ancestor Ælfthryth as a knight
 10728 | D:10     | XOM: enchant monster (bad)
 10796 | D:10     | Reached skill level 13 in Fighting
 10850 | D:10     | HP: 2/82 [acid dragon (8)]
 10862 | D:10     | Noticed a two-headed ogre
 11076 | D:10     | Noticed a wolf spider
 11079 | D:10     | XOM: scenery: 1 doors open
 11083 | D:10     | Killed a wolf spider
 11084 | D:10     | Reached XP level 12. HP: 69/88 MP: 0/0
 11121 | D:10     | Noticed a six-headed hydra
 11121 | D:10     | Noticed a two-headed ogre
 11427 | D:10     | Killed a two-headed ogre
 11428 | D:10     | Reached skill level 10 in Spellcasting
 11428 | D:10     | Reached skill level 10 in Conjurations
 11428 | D:10     | Reached skill level 10 in Hexes
 11428 | D:10     | Reached skill level 10 in Summonings
 11428 | D:10     | Reached skill level 10 in Necromancy
 11428 | D:10     | Reached skill level 10 in Translocations
 11428 | D:10     | Reached skill level 10 in Transmutations
 11428 | D:10     | Reached skill level 10 in Fire Magic
 11428 | D:10     | Reached skill level 10 in Ice Magic
 11428 | D:10     | Reached skill level 10 in Air Magic
 11428 | D:10     | Reached skill level 10 in Earth Magic
 11428 | D:10     | Reached skill level 10 in Poison Magic
 11720 | D:10     | Killed a six-headed hydra
 11772 | D:10     | Killed a two-headed ogre
 11773 | D:10     | Reached skill level 14 in Fighting
 11875 | D:11     | Noticed a two-headed ogre
 11879 | D:11     | Killed a two-headed ogre
 12059 | D:11     | Noticed Snorg
 12065 | D:11     | Killed Snorg
 12106 | D:11     | Noticed a two-headed ogre
 12112 | D:11     | Killed a two-headed ogre
 12214 | D:11     | Reached *** piety under Hepliaklqana
 12379 | D:12     | Noticed a boulder beetle
 12383 | D:12     | Killed a boulder beetle
 12384 | D:12     | Reached XP level 13. HP: 79/95 MP: 0/0
 12384 | D:12     | Learned a level 5 spell: Agony
 12454 | D:12     | XOM: noise
 12512 | D:12     | Identified the +2 cloak of Weightlessness {*Slow rElec rC++
                  | Will+}
 12691 | D:12     | Reached skill level 15 in Fighting
 12822 | D:12     | Noticed Lodul
 12845 | D:12     | Killed Lodul
 13026 | D:12     | Reached **** piety under Hepliaklqana
 13625 | Lair:1   | Entered Level 1 of the Lair of Beasts
 13988 | Lair:1   | Noticed Gastronok
 14000 | Lair:1   | Killed Gastronok
 14017 | Lair:1   | XOM: silly message
 14220 | Lair:1   | Reached skill level 16 in Fighting
 14422 | Lair:1   | XOM: silly message
 14509 | Lair:1   | XOM: silly message
 14618 | Lair:2   | Reached skill level 5 in Dodging
 14618 | Lair:2   | Reached XP level 14. HP: 80/104 MP: 0/0
 14792 | Lair:2   | HP: 4/105 [yak (9)]
 14952 | Lair:2   | Found a runed translucent door.
 14952 | Lair:2   | Noticed Mahon's ghost (journeyman DrWn)
 15157 | Lair:2   | XOM: noise
 15262 | Lair:2   | XOM: cloud trail
 15555 | Lair:2   | Found a staircase to the Swamp.
 15649 | Lair:2   | Killed Mahon's ghost
 15702 | Lair:3   | XOM: 1-stop teleportation journey
 15755 | Lair:3   | Found a hole to the Spider Nest.
 15976 | Lair:3   | Reached ***** piety under Hepliaklqana
 16109 | Lair:3   | XOM: give mutations
 16109 | Lair:3   | Gained mutation: Your spells are a little easier to cast,
                  | but a little less powerful. [Xom's mischief]
 16109 | Lair:3   | Gained mutation: You are dopey. (Int -2) [Xom's mischief]
 16109 | Lair:3   | Gained mutation: You are mostly covered in iridescent
                  | scales. (AC +4) [Xom's mischief]
 16109 | Lair:3   | Lost mutation: You expend health (3 HP) to strengthen your
                  | wands. [Xom's mischief]
 16289 | Lair:3   | XOM: give mutations
 16289 | Lair:3   | Gained mutation: You have sharp fingernails. [Xom's
                  | mischief]
 16289 | Lair:3   | Lost mutation: You are dopey. (Int -2) [Xom's mischief]
 16289 | Lair:3   | Gained mutation: You occasionally shout uncontrollably at
                  | your foes. [Xom's mischief]
 16318 | Lair:3   | Was forgiven by Xom
 16470 | Lair:4   | Noticed Kirke
 16500 | Lair:4   | Reached skill level 17 in Fighting
 16507 | Lair:4   | Killed Kirke
 16703 | Lair:4   | Reached XP level 15. HP: 44/111 MP: 0/0
 16703 | Lair:4   | Learned a level 6 spell: Simulacrum
 17491 | Lair:5   | Entered Level 5 of the Lair of Beasts
 17843 | Lair:5   | Identified the ring "Nukyomof" {Ice rElec Stlth+}
 17935 | Lair:5   | Found a staircase to the Slime Pits.
 17939 | Lair:5   | Reached skill level 10 in Dodging
 18888 | Orc:1    | Entered Level 1 of the Orcish Mines
 19177 | Orc:2    | Entered Level 2 of the Orcish Mines
 19177 | Orc:2    | Noticed Jorgrun
 19195 | Orc:1    | Reached skill level 18 in Fighting
 19325 | Orc:2    | Killed from afar by Jorgrun

Illustrated notes

Levels and vault maps discovered:
D:1:      minmay_arrival_radiant_lines, layout_loops_cross,
          kennysheep_small_spiral
D:2:      layout_rooms, serial_shops, nicolae_square_shop
D:3:      layout_loops_ring, kiku_gazebo_garden_becter,
          nicolae_overflow_crystal_walls, moated_statue, minivault_4,
          minmay_misc_feat_diagonals, kennysheep_crisscross
D:4:      layout_basic, serial_shops, nicolae_shop_advertising_works
          [nicolae_subvault_shop_adworks], uniq_natasha, uniq_blork_the_orc,
          uniq_eustachio
D:5:      layout_loops_ring, mainiacjoe_overflow_alcove_3
D:6:      layout_basic, temple_hall
D:7:      layout_loops_ring, old_standard_altar, uniq_joseph
D:8:      layout_loops_ring, erik_lair_dragon, uniq_maurice, uniq_amaemon,
          uniq_grum, uniq_jeremiah
D:9:      layout_small_grid, orc_0_dummy, uniq_erica
D:10:     cheibrodos_ideogram_h, layout_basic, chequers_serial_rivers_micro_a,
          kennysheep_generic_room_7
D:11:     layout_cave_pools, minmay_misc_feat_room, uniq_snorg
D:12:     layout_stronghold, uniq_lodul
Temple:   regret_index_temple_waves
Lair:1:   lemuel_reptile_caves, layout_loops_ring, uniq_gastronok
Lair:2:   layout_misc_corridors, palyth_hydra_swamp_entry,
          hellmonk_ghost_happy_afterlife, pdpol_lair_cavern_descent,
          grunt_megastairs_4
Lair:3:   layout_hall_layers, spider_nest_entry_web_field
Lair:4:   beast_lair_carwin_large_1, layout_cave_pods, serial_bayou_shore_a,
          uniq_kirke, uniq_rupert
Lair:5:   guppyfry_lair_end_dragon, layout_regular_city,
          nicolae_slime_entry_field_trip, serial_bayou_shore_b
Orc:1:    layout_caves, rock_pile
Orc:2:    st_orc_pillars, layout_diamond_mine, serial_shops,
          nicolae_shop_crystal, uniq_erolcha, uniq_jorgrun, uniq_urug

Skill      XL: |  1  2  3  4  5  6  7  8  9 10 11 12 13 14 15 |
---------------+----------------------------------------------+-----
Spellcasting   | 1 2 3 4 5 7 8 9 10 12 13 | 13.1
Conjurations   | 1 2 3 4 5 7 8 9 10 12 13 | 13.1
Hexes          | 1 2 3 4 5 7 8 9 10 12 13 | 13.1
Summonings     | 1 2 3 4 5 7 8 9 10 12 13 | 13.1
Necromancy     | 1 2 3 4 5 7 8 9 10 12 13 | 13.1
Translocations | 1 2 3 4 5 7 8 9 10 12 13 | 13.1
Transmutations | 1 2 3 4 5 7 8 9 10 12 13 | 13.1
Fire Magic     | 1 2 3 4 5 7 8 9 10 12 13 | 13.1
Ice Magic      | 1 2 3 4 5 7 8 9 10 12 13 | 13.1
Air Magic      | 1 2 3 4 5 7 8 9 10 12 13 | 13.1
Earth Magic    | 1 2 3 4 5 7 8 9 10 12 13 | 13.1
Poison Magic   | 1 2 3 4 5 7 8 9 10 12 13 | 13.1
Fighting       | 4 5 6 8 10 11 13 14 16 17 18 | 18.0
Dodging        | 5 8 10 | 10.5
Long Blades    | |  2.6
Armour         | |  1.0

Action                     |  1- 3 |  4- 6 |  7- 9 | 10-12 | 13-15 || total
---------------------------+-------+-------+-------+-------+-------++-------
  Melee: Falchion          |   109 |   103 |    35 |    11 |       ||   258
         Punch             |       |       |     1 |     2 |       ||     3
         War axe           |       |       |       |    35 |   120 ||   155
   Fire: Orcbow            |       |       |       |    13 |       ||    13
   Cast: Freeze            |       |     8 |       |       |       ||     8
         Stone Arrow       |       |       |   116 |   209 |   410 ||   735
         Static Discharge  |       |       |     1 |       |       ||     1
         Teleport Other    |       |       |       |     2 |       ||     2
         Summon Mana Viper |       |       |       |    15 |    16 ||    31
         Simulacrum        |       |       |       |       |    79 ||    79
 Invoke: Recall Ancestor   |       |       |       |     2 |     6 ||     8
         Ancestor Life: Kn |       |       |       |     1 |       ||     1
    Use: Scroll            |       |     6 |       |    10 |     4 ||    20
         Potion            |       |       |     5 |     4 |     2 ||    11
   Stab: Paralysed         |     4 |       |       |     1 |       ||     5
         Sleeping          |       |     1 |       |       |       ||     1
 Armour: Leather armour    |    78 |    91 |   120 |    69 |       ||   358
         Troll leather arm |       |       |       |   114 |   292 ||   406
  Dodge: Dodged            |    53 |    93 |    90 |    88 |   305 ||   629

Table legend: (Time is in decaauts)
 A = Elapsed time spent in this place.
 B = Non-inter-level travel time spent in this place.
 C = Inter-level travel time spent in this place.
 D = Time resting spent in this place.
 E = Time spent auto-exploring this place.
 F = Levels seen in this place.
 G = Mean time per level.
                   A        B        C        D        E       F      G
               +--------+--------+--------+--------+--------+-----+--------+
         Total |  19483 |  18306 |   1177 |   1288 |  13516 |  20 |  974.2 |
       Dungeon |  13718 |  12856 |    862 |    777 |  10092 |  12 | 1143.2 |
        Temple |     92 |      1 |     91 |      0 |      0 |   1 |   92.0 |
          Lair |   5228 |   5030 |    198 |    392 |   3270 |   5 | 1045.6 |
  Orcish Mines |    443 |    419 |     24 |    119 |    154 |   2 |  221.5 |
               +--------+--------+--------+--------+--------+-----+--------+

Top non-repeatable levels by time:
     D:8: 2456 daAuts
     D:4: 1452 daAuts
    D:10: 1440 daAuts
     D:7: 1411 daAuts
  Lair:4: 1391 daAuts
     D:9: 1300 daAuts
     D:5: 1147 daAuts
    D:12: 1077 daAuts
  Lair:1: 1071 daAuts
  Lair:2: 1039 daAuts
  Lair:5: 991 daAuts
     D:6: 918 daAuts
     D:1: 830 daAuts
     D:3: 776 daAuts
  Lair:3: 734 daAuts
